 Dungeon Crawl Stone Soup version 0.26.1 (webtiles) character file.

Game seed: 13099655341415091692

3307 swilekon the Cleaver (level 10, -4/88 HPs)
             Began as a Hill Orc Fighter on Feb 6, 2021.
             Was an Initiate of Gozag.
             Slain by Gastronok (28 damage)
             ... on level 8 of the Dungeon.
             The game lasted 00:16:23 (8751 turns).

swilekon the Cleaver (Hill Orc Fighter)             Turns: 8751, Time: 00:16:23

Health: -4/88      AC: 10    Str: 23    XL:     10   Next: 1%
Magic:  10/10      EV:  8    Int:  8    God:    Gozag
Gold:   155        SH: 11    Dex: 10    Spells: 9/9 levels left

rFire    x . .     SeeInvis .   a - +1 war axe
rCold    + . .     Faith    .   c - +0 kite shield
rNeg     + . .     Spirit   .   b - +0 scale mail
rPois    .         Reflect  .   i - +0 helmet
rElec    .         Harm     .   k - +0 cloak
rCorr    .         Rampage  .   (no gloves)
Will     .....                  (no boots)
Stlth    ..........             q - amulet of the acrobat
HPRegen  0.24/turn              g - ring of positive energy
MPRegen  0.12/turn              j - ring of ice

@: hasted, very quick
A: no striking features
a: Renounce Religion, Potion Petition, Call Merchant, Bribe Branch


You were on level 8 of the Dungeon.
You worshipped Gozag.
Gozag was aware of your devotion.
You visited 2 branches of the dungeon, and saw 9 of its levels.

You collected 1046 gold pieces.
You paid 891 gold pieces to Gozag.

Inventory:

Hand Weapons
 a - a +1 war axe (weapon)
Armour
 b - a +0 scale mail (worn)
 c - a +0 kite shield (worn)
 i - a +0 helmet (worn)
 k - a +0 cloak (worn)
Jewellery
 g - a ring of positive energy (left hand)
 j - a ring of ice (right hand)
 q - an amulet of the acrobat (around neck)
 v - an uncursed ring of ice
 A - an uncursed ring of resist corrosion
Wands
 u - a wand of iceblast (8)
 z - a wand of acid (10)
Scrolls
 f - 5 scrolls of teleportation
 p - a scroll of remove curse
 r - a scroll of enchant weapon
 t - a scroll of fear
Potions
 d - 4 potions of might
 e - a potion of resistance
 m - a potion of lignification
 n - a potion of invisibility
 o - 4 potions of curing
 s - a potion of berserk rage
 w - a potion of mutation
 x - a potion of ambrosia


   Skills:
 + Level 8.2 Fighting
 * Level 11.5 Axes
 + Level 7.5 Armour
 + Level 7.5 Shields


You had 9 spell levels left.
You didn't know any spells.
Your spell library was empty.

Dungeon Overview and Level Annotations

Branches:
Dungeon (8/15)             Temple (1/1) D:5
   Lair: D:8-11

Altars:
Ashenzari
Dithmenos
Elyvilon
Fedhas
Gozag
Hepliaklqana
Kikubaaqudgha
Makhleb
Nemelex Xobeh
Okawaru
Qazlal
Ru
Sif Muna
Trog
Uskayaw
Vehumet
Wu Jian
Xom
Yredelemnul
Zin
The Shining One

Shops:
D:6 [   D:8 *

Annotations:
D:8 Gastronok


Message History

Gastronok bites you!!
You feel yourself speed up.
You feel much better. Gastronok bites you but does no damage.
You hit Gastronok but do no damage.
Gastronok is heavily wounded.
You hit Gastronok.
Gastronok is heavily wounded.
You slash Gastronok!
Gastronok is heavily wounded.
Gastronok bites you!!
* * * LOW HITPOINT WARNING * * *
You slash Gastronok!
Gastronok is severely wounded.
You slash Gastronok!
Gastronok is severely wounded.
You hit Gastronok.
Gastronok is severely wounded.
Gastronok bites you!!
You die...
Your body crumbles into a pile of gold.

#∩...........#
#............#
#..#####.##.... #..#
.# .#. #..# .# #.<#
.( #.[# ##
#..########
#.@........
#w#########
#.########
###.###.#.......
........<..#
........#..#
...####.#.w########.
.. #.#...w....$..
#.#.##!.$.....


You could see Gastronok.

Vanquished Creatures
  Pikel (Temple)
  Sigmund (D:4)
  3 orc warriors
  2 sky beasts
  An ice beast (D:6)
  4 phantoms
  2 ogres
  A centaur (D:4)
  3 lemures
  A bullfrog (D:7)
  A scorpion (D:4)
  An electric eel (D:7)
  2 howler monkeys
  A crimson imp (D:7)
  A centaur skeleton (D:6)
  Crazy Yiuf (D:5)
  3 hounds
  4 jellies
  6 orc priests
  Jessica (D:2)
  2 iguanas
  7 orc wizards
  8 worker ants
  2 hound skeletons (D:6)
  2 worker ant zombies
  3 gnolls
  10 adders
  A shadow imp (D:5)
  A white imp (D:7)
  2 ufetubi
  An adder skeleton (D:4)
  2 worms
  5 dart slugs
  5 leopard geckos
  28 orcs
  2 ball pythons
  4 bats
  2 giant cockroaches
  8 goblins
  8 hobgoblins
  9 jackals
  8 kobolds
  4 quokkas
  4 frilled lizards
  2 jackal skeletons
  12 rats
182 creatures vanquished.

Vanquished Creatures (others)
  A rat (D:2)
1 creature vanquished.

Grand Total: 183 creatures vanquished

Notes
Turn   | Place    | Note
-------+----------+-------------------------------------------
     0 | D:1      | swilekon the Hill Orc Fighter began the quest for the Orb.
     0 | D:1      | Reached XP level 1. HP: 19/19 MP: 1/1
   105 | D:1      | Reached skill level 3 in Axes
   175 | D:1      | Reached XP level 2. HP: 27/27 MP: 2/2
   702 | D:1      | Reached XP level 3. HP: 26/33 MP: 3/3
  1317 | D:2      | Reached skill level 4 in Axes
  1317 | D:2      | Reached XP level 4. HP: 31/40 MP: 4/4
  1433 | D:2      | Noticed Jessica
  1450 | D:2      | Killed Jessica
  1565 | D:2      | Found a faded altar of an unknown god.
  1658 | D:2      | Reached XP level 5. HP: 35/47 MP: 5/5
  1980 | D:2      | Found a white marble altar of Elyvilon.
  2034 | D:2      | Found a sparkling altar of Nemelex Xobeh.
  2544 | D:3      | Reached skill level 5 in Axes
  2555 | D:3      | Found a shadowy altar of Dithmenos.
  2858 | D:3      | Found a shimmering blue altar of Sif Muna.
  2929 | D:3      | Found a glowing golden altar of the Shining One.
  3032 | D:4      | Reached XP level 6. HP: 40/53 MP: 6/6
  3127 | D:4      | Noticed Sigmund
  3261 | D:4      | Reached skill level 6 in Axes
  3263 | D:4      | Reached skill level 5 in Fighting
  3320 | D:4      | Found a blossoming altar of Fedhas.
  3395 | D:4      | Reached XP level 7. HP: 54/61 MP: 7/7
  3506 | D:4      | Killed Sigmund
  3507 | D:4      | Reached skill level 7 in Axes
  3507 | D:4      | Reached skill level 5 in Armour
  3507 | D:4      | Reached skill level 5 in Shields
  3898 | D:5      | Entered Level 5 of the Dungeon
  3927 | D:5      | Found a staircase to the Ecumenical Temple.
  3961 | D:5      | Reached XP level 8. HP: 62/70 MP: 8/8
  3974 | Temple   | Entered the Ecumenical Temple
  4100 | Temple   | Became a worshipper of Gozag Ym Sagoz the Greedy
  4340 | D:5      | Reached skill level 8 in Axes
  4517 | D:5      | Noticed Pikel
  4773 | Temple   | Killed Pikel
  4774 | Temple   | Reached skill level 9 in Axes
  4774 | Temple   | Reached XP level 9. HP: 58/79 MP: 9/9
  5015 | D:5      | Found a broken altar of Ashenzari.
  5015 | D:5      | Found a hazy altar of Hepliaklqana.
  5089 | D:5      | Found a runed translucent door.
  5090 | D:5      | Noticed Crazy Yiuf
  5163 | D:5      | Killed Crazy Yiuf
  5453 | D:6      | Reached skill level 10 in Axes
  6580 | D:6      | Found Burrowab's Armour Emporium.
  7289 | D:7      | Reached skill level 11 in Axes
  7354 | D:7      | Found an ancient bone altar of Kikubaaqudgha.
  7603 | D:7      | Found a burning altar of Makhleb.
  7604 | D:7      | Found a radiant altar of Vehumet.
  7817 | D:7      | Noticed a moth of wrath
  7820 | D:7      | Found a bloodstained altar of Trog.
  8055 | D:7      | Reached XP level 10. HP: 52/88 MP: 10/10
  8261 | D:8      | Noticed Gastronok
  8751 | D:8      | Slain by Gastronok

Illustrated notes

Levels and vault maps discovered:
D:1:      sevenhm_arrival_forest_fort_large_2, layout_basic
D:2:      layout_basic, nemelex_xobeh_ov_fountains_minmay, elyvilon_altar_4,
          chequers_ecumenical_altar_simple, grunt_ministairs_9, uniq_jessica
D:3:      layout_loops_ring, tso_oasis_becter, nicolae_dithmenos_shadow_blocks,
          led_sif_pool
D:4:      layout_cave_pools, fedhas_bush_and_centaur_altar, uniq_sigmund
D:5:      layout_cave_pools, gammafunk_temple_overflow_pools,
          minmay_temple_entry_arrows, grunt_ministairs_8, uniq_pikel,
          uniq_crazy_yiuf_cottage
D:6:      layout_gridville, serial_shops, shop
D:7:      layout_basic, grunt_temple_overflow_lords_of_destruction,
          kiku_gazebo_pond_becter, tgw_trog, fountainhead,
          hangedman_decor_growths
D:8:      layout_loops_ring, general_overflow_altar, lair_entry_dummy,
          uniq_gastronok
Temple:   dpeg_three_leaves_temple

Skill      XL: |  1  2  3  4  5  6  7  8  9 |
---------------+----------------------------+-----
Axes           | 3 4 5 6 7 9 11 | 11.5
Fighting       | 4 5 7 8 |  8.2
Shields        | 4 5 6 7 |  7.5
Armour         | 4 5 6 7 |  7.5

Action                   |  1- 3 |  4- 6 |  7- 9 | 10-12 || total
-------------------------+-------+-------+-------+-------++-------
Melee: War axe           |    75 |   186 |   381 |    26 ||   668
Invok: Call Merchant     |       |       |     1 |       ||     1
  Use: Scroll            |       |    12 |     8 |       ||    20
       Potion            |       |       |       |     2 ||     2
 Stab: Distracted        |       |       |     1 |       ||     1
Armor: Scale mail        |    33 |    76 |   105 |     7 ||   221
Dodge: Dodged            |    13 |    87 |   114 |     5 ||   219
Block: Kite shield       |    44 |    89 |   157 |     8 ||   298
